 Dungeon Crawl Stone Soup version 0.20.1-1-g8b1a95d (webtiles) character file.

29755 dohliylev the Unseen (level 13, -5/90 HPs)
             Began as a Vampire Enchanter on July 14, 2017.
             Was an Elder of Dithmenos.
             Slain by an eight-headed hydra (10 damage)
             ... on level 4 of the Lair of Beasts.
             The game lasted 01:52:47 (22078 turns).

dohliylev the Unseen (Vampire Enchanter)           Turns: 22078, Time: 01:52:47

Health: -5/90      AC:  6    Str:  7    XL:     13   Next: 16%
Magic:  2/30       EV: 23    Int: 22    God:    Dithmenos [****..]
Gold:   960        SH:  5    Dex: 15    Spells: 9/23 levels left

rFire    . . .     SeeInvis +   a - +0 dagger (venom)
rCold    . . .     Gourm    .   M - +0 buckler
rNeg     + + .     Faith    .   C - +0 robe {rN+}
rPois    +         Spirit   .   b - +0 helmet
rElec    .         Reflect  .   K - scarf {repulsion}
rCorr    +         Harm     .   V - +0 pair of gloves
MR       +....                  W - +1 pair of boots of Gravitas {rPois rCorr}
Stlth    ++++++++++             (no amulet)
Regen    0.3/turn               y - ring of stealth
MPRegen  0.3/turn               T - ring of magical power

@: wreathed by umbra, repel missiles
A: fangs 3, see invisible, unbreathing
a: Bat Form, Shadow Step, Renounce Religion


You were on level 4 of the Lair of Beasts.
You worshipped Dithmenos.
Dithmenos was greatly pleased with you.
You were not thirsty.

You visited 3 branches of the dungeon, and saw 15 of its levels.
You also visited: Sewer and Ice Cave.

You collected 960 gold pieces.

Inventory:

Hand Weapons
 a - a +0 dagger of venom (weapon)
Armour
 b - a +0 helmet (worn)
 h - a +1 animal skin of cold resistance
 v - a +0 leather armour of fire resistance
 C - a +0 robe of positive energy (worn)
 F - a +0 leather armour of poison resistance
 K - a scarf of repulsion (worn)
 M - a +0 buckler (worn)
 V - a +0 pair of gloves (worn)
 W - the +1 pair of boots of Gravitas (worn) {rPois rCorr}
   (You found it on level 3 of the Lair of Beasts)

   It protects you from poison.
   It protects you from acid and corrosion.
Magical Staves
 e - an uncursed staff of air
Jewellery
 y - a ring of stealth (left hand)
 E - an uncursed ring of ice
 R - an uncursed ring of ice
 T - a ring of magical power (right hand)
 X - a +4 amulet of reflection {unknown}
Wands
 t - a wand of paralysis (7/24)
 x - a wand of scattershot (9/9)
 A - a wand of digging (11/24)
 G - a wand of digging (4/24)
 J - a wand of polymorph (14/24)
 O - a wand of confusion (27/48)
 Y - a wand of iceblast (8/15)
 Z - a wand of disintegration (5/24)
Scrolls
 f - 5 scrolls of recharging
 j - a scroll of enchant weapon
 l - 6 scrolls of remove curse
 p - a scroll of fog
 u - a scroll of amnesia
 w - 3 scrolls of identify
 D - 2 scrolls of fear
 I - 5 scrolls of teleportation
 P - 2 scrolls of magic mapping {unknown}
 Q - a scroll of enchant armour {unknown}
Potions
 d - 34 potions of blood
 i - 8 potions of haste {unknown}
 k - 15 potions of curing
 m - a potion of berserk rage {unknown}
 n - 12 potions of heal wounds {unknown}
 o - 3 potions of might {unknown}
 q - 7 potions of flight {unknown}
 r - 3 potions of agility {unknown}
 s - 3 potions of brilliance {unknown}
 z - a potion of invisibility {unknown}
 B - 2 potions of lignification {unknown}
 H - 2 potions of mutation {unknown}
 L - a potion of cancellation {unknown}
 S - a potion of ambrosia {unknown}
Books
 c - a book of Maledictions

   Spells                             Type                      Level
   a - Corona                         Hexes                        1
   b - Ensorcelled Hibernation        Hexes/Ice                    2
   c - Confuse                        Hexes                        3
   d - Tukima's Dance                 Hexes                        3
   e - Dazzling Spray                 Conjuration/Hexes            3
 g - a Young Poisoner's Handbook

   Spells                             Type                      Level
   a - Sting                          Conjuration/Poison           1
   b - Poisonous Vapours              Poison/Air                   2
   c - Mephitic Cloud                 Conjuration/Poison/Air       3
   d - Olgreb's Toxic Radiance        Poison                       4
   e - Venom Bolt                     Conjuration/Poison           5
 N - a book of Clouds

   Spells                             Type                      Level
   a - Poisonous Vapours              Poison/Air                   2
   b - Mephitic Cloud                 Conjuration/Poison/Air       3
   c - Conjure Flame                  Conjuration/Fire             3
   d - Freezing Cloud                 Conjuration/Ice/Air          6
   e - Ring of Flames                 Charms/Fire                  7
 U - a book of Conjurations

   Spells                             Type                      Level
   a - Magic Dart                     Conjuration                  1
   b - Searing Ray                    Conjuration                  2
   c - Dazzling Spray                 Conjuration/Hexes            3
   d - Fulminant Prism                Conjuration/Hexes            4
   e - Force Lance                    Conjuration/Translocation    4
   f - Iskenderun's Mystic Blast      Conjuration                  4


   Skills:
 + Level 4.4 Fighting
 - Level 10.0 Short Blades
 - Level 1.0 Armour
 * Level 14.9 Dodging
 - Level 15.0 Stealth
 - Level 4.1 Shields
 + Level 5.6 Spellcasting
 + Level 8.1 Hexes
 + Level 5.6 Ice Magic


You had 9 spell levels left.
You knew the following spells:

 Your Spells              Type           Power        Failure   Level  Hunger
a - Corona                Hex            #####..      1%          1    None
b - Ensorcelled Hibernat  Hex/Ice        #####.       1%          2    None
c - Confuse               Hex            #####...     1%          3    ##.....
d - Mephitic Cloud        Conj/Pois/Air  #.......     28%         3    ##.....
e - Blink                 Tloc           N/A          14%         2    None
f - Tukima's Dance        Hex            #####...     1%          3    ##.....


Dungeon Overview and Level Annotations

Branches:
Dungeon (10/15)            Temple (1/1) D:5            Lair (4/6) D:8
  Swamp (0/4) Lair:2       Spider (0/4) Lair:2          Orc (0/2) D:10

Altars:
Ashenzari
Cheibriados
Dithmenos
Elyvilon
Fedhas
Gozag
Hepliaklqana
Kikubaaqudgha
Makhleb
Nemelex Xobeh
Okawaru
Qazlal
Ru
Sif Muna
Trog
Uskayaw
Vehumet
Xom
Yredelemnul
Zin
The Shining One

Annotations:
D:1 Jessica
Lair:4 exclusion: 4 oklob plants, Nessos


Innate Abilities, Weirdness & Mutations

You have razor-sharp teeth.
You have supernaturally acute eyesight. (SInv)
You can survive without breathing.


Message History

Nessos closely misses you.
Nessos pounds the earth with his hooves.
Nessos closely misses you.
The eight-headed hydra roars!
Nessos closely misses you.
Nessos is no longer moving quickly.
Nessos completely misses you.
Nessos gestures wildly while chanting.
Nessos seems to speed up.
Casting: Blink
Confirm with . or Enter, or press ? or * to list all spells.
You blink.
Nessos blinks!
You block the eight-headed hydra's attack.
The eight-headed hydra completely misses you.
The eight-headed hydra bites you but does no damage.
You block the eight-headed hydra's attack.
The eight-headed hydra closely misses you. x2
The eight-headed hydra bites you!
* * * LOW HITPOINT WARNING * * *
The eight-headed hydra bites you!
You die...

#....# #..#.#
#.#.## #.###
##.# #§## ##§.#
#.D## ##.@#
###..c#
###P#..#.#
#.P.....##
##§......#
####.....##...#
# ##.....##.#
...#
#####.....#.###
#...#
.##.......###
#..#


You could see Nessos and an eight-headed hydra.

Vanquished Creatures
  A frost giant (IceCv)
  The ghost of appiemonkey the Spear-Bearer, a novice MiFi of Okawaru (IceCv)
  4 two-headed ogres
  A death yak (Lair:3)
  An unseen horror (D:7)
  6 elephants (Lair:4)
  Joseph (D:7)
  A black mamba (Lair:1)
  2 spiny frogs
  2 komodo dragons
  A rime drake (Lair:4)
  A troll (D:9)
  14 polar bears
  A blink frog (Lair:3)
  Grinder (D:5)
  4 hippogriffs
  Sigmund (D:4)
  2 wyverns
  36 yaks
  2 hungry ghosts
  A steam dragon (D:9)
  A basilisk (Lair:3)
  Menkaure (D:5)
  Duvessa (D:4)
  3 water moccasins
  9 orc warriors
  6 porcupines
  A swamp drake (D:10)
  A black bear (D:10)
  5 ice beasts
  2 sky beasts
  A hornet zombie (D:9)
  8 ogres
  2 phantoms
  21 wolves
  8 crocodiles
  3 centaurs
  12 bullfrogs
  A big kobold (Sewer)
  2 wyvern skeletons
  4 scorpions
  Dowan (D:4)
  9 killer bees
  14 wights
  9 howler monkeys
  An electric eel (Lair:3)
  3 crimson imps
  A bullfrog zombie (D:5)
  A centaur zombie (D:7)
  2 hounds
  10 orc wizards
  11 orc priests
  A jelly (D:10)
  2 centaur skeletons
  A bullfrog skeleton (D:8)
  4 iguanas
  Natasha (thrice) (D:4)
  2 worker ants (D:6)
  A killer bee zombie (D:7)
  A hound zombie (D:7)
  3 hound skeletons
  14 gnolls
  9 river rats (Sewer)
  14 adders
  A shadow imp (D:9)
  12 white imps (Lair:1)
  An ooze (D:3)
  An adder skeleton (D:7)
  2 adder zombies
  4 worms
  3 dart slugs
  4 leopard geckos
  50 orcs
  7 ball pythons
  6 giant cockroaches
  12 hobgoblins
  18 jackals
  23 kobolds
  2 quokkas
  4 bats
  13 frilled lizards
  9 goblins
  A leopard gecko skeleton (D:6)
  A leopard gecko zombie (D:5)
  26 rats
493 creatures vanquished.

Vanquished Creatures (others)
  3 polar bears (IceCv)
  2 yaks (IceCv)
  A dancing weapon (IceCv)
  3 wolves (IceCv)
  2 fungi (Lair:4)
  2 plants (Lair:4)
13 creatures vanquished.

Grand Total: 506 creatures vanquished

Notes
Turn   | Place    | Note
-------+----------+-------------------------------------------
     0 | D:1      | dohliylev the Vampire Enchanter began the quest for the Orb.
     0 | D:1      | Reached XP level 1. HP: 13/13 MP: 3/3
   954 | D:1      | Reached XP level 2. HP: 19/19 MP: 5/5
   997 | D:1      | Learned a level 2 spell: Ensorcelled Hibernation
  1147 | D:1      | Reached skill level 5 in Stealth
  1369 | D:1      | Reached XP level 3. HP: 20/24 MP: 0/6
  1779 | D:2      | Noticed Jessica
  2231 | D:3      | Reached skill level 1 in Ice Magic
  2231 | D:3      | Reached XP level 4. HP: 21/30 MP: 4/7
  2233 | D:3      | Reached skill level 5 in Hexes
  2265 | D:3      | Found a glowing drain.
  2318 | Sewer    | Entered a sewer
  2577 | Sewer    | Reached skill level 6 in Stealth
  2800 | Sewer    | HP: 1/30 [kobold/whip (4)]
  3049 | Sewer    | Reached XP level 5. HP: 26/36 MP: 1/8
  3593 | Sewer    | Reached skill level 7 in Stealth
  3831 | Sewer    | Reached XP level 6. HP: 10/42 MP: 4/10
  5107 | D:3      | Reached skill level 8 in Stealth
  5381 | D:3      | Found a faded altar of an unknown god.
  5564 | D:3      | Found an iron altar of Okawaru.
  5613 | D:3      | Found a glowing golden altar of the Shining One.
  5613 | D:3      | Found a stormy altar of Qazlal.
  5614 | D:3      | Found a shadowy altar of Dithmenos.
  5620 | D:3      | Became a worshipper of Dithmenos the Shadowed
  5718 | D:3      | Learned a level 3 spell: Confuse
  5818 | D:4      | Noticed Natasha
  5828 | D:4      | Killed Natasha
  5992 | D:5      | Entered Level 5 of the Dungeon
  6020 | D:5      | Reached skill level 1 in Fighting
  6031 | D:5      | Reached XP level 7. HP: 39/48 MP: 5/11
  6039 | D:5      | Found a staircase to the Ecumenical Temple.
  6054 | D:5      | Noticed Menkaure
  6089 | D:4      | Noticed Sigmund
  6095 | D:4      | Killed Sigmund
  6095 | D:4      | Reached skill level 5 in Short Blades
  6448 | D:4      | Noticed Dowan
  6449 | D:4      | Noticed Duvessa
  6453 | D:4      | Killed Dowan
  6471 | D:4      | Killed Duvessa
  6471 | D:4      | Reached XP level 8. HP: 48/54 MP: 6/12
  6604 | D:4      | Reached * piety under Dithmenos
  6741 | D:4      | Noticed Natasha
  6769 | D:4      | Killed Natasha
  6979 | D:4      | Noticed Natasha
  6987 | D:4      | Killed Natasha
  7417 | D:5      | Reached skill level 9 in Stealth
  7774 | Temple   | Entered the Ecumenical Temple
  8344 | D:5      | Reached skill level 10 in Stealth
  8485 | D:5      | Noticed Grinder
  8515 | D:5      | Paralysed by Grinder for 7 turns
  8532 | D:5      | Killed Grinder
  8796 | D:5      | Killed Menkaure
  8796 | D:5      | Reached skill level 11 in Stealth
  8796 | D:5      | Reached XP level 9. HP: 59/59 MP: 11/15
  9117 | D:6      | Reached ** piety under Dithmenos
  9165 | D:6      | Reached skill level 12 in Stealth
  9211 | D:6      | Found a sacrificial altar of Ru.
  9227 | D:6      | Reached skill level 1 in Armour
  9465 | D:6      | Reached skill level 5 in Dodging
 10720 | D:8      | Found a burning altar of Makhleb.
 10727 | D:8      | Found a glowing silver altar of Zin.
 10727 | D:8      | Noticed an Executioner
 10727 | D:8      | Noticed an angel
 11242 | D:8      | Reached XP level 10. HP: 65/65 MP: 10/16
 11462 | D:7      | Noticed an unseen horror
 11503 | D:7      | Killed an unseen horror
 11503 | D:7      | Reached *** piety under Dithmenos
 11828 | D:7      | Noticed Joseph
 11835 | D:7      | Killed Joseph
 11835 | D:7      | Reached skill level 10 in Dodging
 12064 | D:8      | Found a staircase to the Lair.
 12158 | D:9      | Reached skill level 1 in Shields
 12417 | D:9      | Noticed a two-headed ogre
 12431 | D:9      | Killed a two-headed ogre
 12552 | D:9      | Noticed a two-headed ogre
 12558 | D:9      | Killed a two-headed ogre
 12558 | D:9      | Reached skill level 5 in Spellcasting
 12558 | D:9      | Reached XP level 11. HP: 70/70 MP: 15/18
 12559 | D:9      | Found an opulent altar of Gozag.
 12559 | D:9      | Found a shattered altar of Ashenzari.
 12778 | D:9      | Noticed a two-headed ogre
 12786 | D:9      | Killed a two-headed ogre
 12786 | D:9      | Reached skill level 5 in Ice Magic
 12824 | D:9      | Reached skill level 13 in Stealth
 12924 | D:9      | Reached **** piety under Dithmenos
 13502 | D:9      | Learned a level 3 spell: Mephitic Cloud
 13578 | D:9      | Found a deep blue altar of Sif Muna.
 13580 | D:9      | Found a shimmering altar of Xom.
 13582 | D:9      | Found an iron altar of Okawaru.
 13680 | D:10     | Entered Level 10 of the Dungeon
 13850 | D:10     | Noticed a two-headed ogre
 13854 | D:10     | Killed a two-headed ogre
 13854 | D:10     | Reached skill level 14 in Stealth
 14513 | D:10     | Reached skill level 15 in Stealth
 14810 | D:10     | Found a staircase to the Orcish Mines.
 15478 | Lair:1   | Entered Level 1 of the Lair of Beasts
 15478 | Lair:1   | Found a frozen archway.
 15670 | IceCv    | Entered an ice cave
 16277 | IceCv    | Reached XP level 12. HP: 80/80 MP: 2/19
 17091 | IceCv    | Noticed appiemonkey's ghost (novice MiFi)
 17113 | IceCv    | Killed appiemonkey's ghost
 17179 | IceCv    | Noticed a frost giant
 18095 | IceCv    | Learned a level 2 spell: Blink
 18099 | IceCv    | Learned a level 3 spell: Tukima's Dance
 18184 | IceCv    | Killed a frost giant
 18827 | Lair:1   | Reached skill level 10 in Short Blades
 19671 | Lair:2   | Found a staircase to the Swamp.
 19825 | Lair:2   | Found a hole to the Spider Nest.
 20104 | Lair:3   | Noticed a death yak
 20104 | Lair:3   | Noticed a death yak
 20104 | Lair:3   | Noticed a death yak
 20107 | Lair:3   | Killed a death yak
 20535 | Lair:3   | Got a pair of dazzling boots
 20552 | Lair:3   | Identified the +1 pair of boots of Gravitas {rPois rCorr} (You found it on level 3 of the Lair of Beasts)
 21051 | Lair:3   | Reached XP level 13. HP: 90/90 MP: 20/20
 22023 | Lair:4   | Noticed Nessos
 22078 | Lair:4   | Slain by an eight-headed hydra

Skill      XL: |  1  2  3  4  5  6  7  8  9 10 11 12 13 |
---------------+----------------------------------------+-----
Stealth        | 5 6 7 8 11 12 15 | 15.0
Short Blades   | 2 3 6 8 9 10 | 10.0
Ice Magic      | 1 2 3 4 5 |  5.6
Hexes          | 5 6 7 8 |  8.1
Spellcasting   | 3 4 5 |  5.6
Fighting       | 1 2 4 |  4.4
Dodging        | 3 4 8 10 11 14 | 14.9
Armour         | 1 |  1.0
Shields        | 2 4 |  4.1

Action                   |  1- 3 |  4- 6 |  7- 9 | 10-12 | 13-15 || total
-------------------------+-------+-------+-------+-------+-------++-------
Melee: Dagger            |   153 |   209 |   266 |   677 |    74 ||  1379
       Bite              |     7 |     7 |    16 |    61 |    11 ||   102
       Unarmed           |       |       |       |       |     2 ||     2
 Cast: Corona            |     5 |     1 |     1 |     1 |       ||     8
       Ensorcelled Hiber |    32 |    91 |    98 |   226 |    45 ||   492
       Confuse           |       |       |    30 |    99 |     3 ||   132
       Tukima's Dance    |       |       |       |     2 |       ||     2
       Blink             |       |       |       |       |    13 ||    13
       Mephitic Cloud    |       |       |       |       |     1 ||     1
Invok: Shadow Step       |       |       |       |     5 |     1 ||     6
 Abil: Bat Form          |       |     2 |     1 |    10 |     4 ||    17
       End Transformatio |       |     2 |     1 |    10 |     3 ||    16
  Use: Potion            |     1 |     4 |     9 |    10 |     1 ||    25
       Scroll            |       |       |     3 |     9 |       ||    12
 Stab: Sleeping          |    18 |    60 |    82 |   152 |    15 ||   327
       Confused          |       |       |    15 |    52 |     1 ||    68
       Distracted        |       |       |       |     1 |       ||     1
  Eat: Corpse            |    11 |     8 |     1 |     8 |     2 ||    30
Armor: Robe              |    21 |    32 |    17 |     4 |    11 ||    85
       Leather armour    |       |       |     1 |    36 |       ||    37
       Animal skin       |       |       |       |    11 |       ||    11
Dodge: Dodged            |   105 |   152 |   132 |   442 |    79 ||   910
       Deflected         |       |       |       |    16 |     6 ||    22
Block: Buckler           |       |       |       |    54 |    13 ||    67
